 Dungeon Crawl Stone Soup version 0.20-a0-830-g2c9a30d (console) character file.

289 asdu the Ruffian (level 6, 0/48 HPs)
             Began as a Ghoul Warper on Mar 6, 2017.
             Killed by divine providence
             ... invoked by an orc priest
              (15 damage)
             ... on level 4 of the Dungeon.
             The game lasted 00:05:19 (1000 turns).

asdu the Ruffian (Ghoul Warper)                     Turns: 1000, Time: 00:05:20

Health: 0/48       AC:  3    Str: 15    XL:     6   Next: 31%
Magic:  7/7        EV: 11    Int:  8    God:
Gold:   44         SH:  0    Dex: 10    Spells: 8/8 levels left

rFire    . . .     SeeInvis .     - Unarmed
rCold    + . .     Gourm    .   a - +0 leather armour
rNeg     + + +     Faith    .   (no shield)
rPois    ∞         Spirit   .   (no helmet)
rElec    .         Reflect  .   (no cloak)
rCorr    .         Harm     .   (no gloves)
MR       .....                  (no boots)
Stlth    +.........             (no amulet)
Regen    0.0/turn               (no ring)
MPRegen  0.1/turn               (no ring)

@: rotting
A: rotting body, claws 1, carnivore 3, cold resistance 1, negative energy
resistance 3, inhibited regeneration, torment resistance, unbreathing
a: no special abilities


You were on level 4 of the Dungeon.
You were not hungry.

You visited 1 branch of the dungeon, and saw 4 of its levels.

You collected 44 gold pieces.

Inventory:

Missiles
 d - 5 tomahawks of dispersal (quivered)
 g - 4 tomahawks
 j - 45 stones
Armour
 a - a +0 leather armour (worn)
Scrolls
 c - 2 scrolls of blinking
 e - a scroll of enchant weapon {unknown}
 h - a scroll of immolation {unknown}
 i - a scroll of teleportation {unknown}
 n - a scroll of remove curse {unknown}
 o - a scroll of amnesia {unknown}
Potions
 k - a potion of berserk rage {unknown}
 m - a potion of brilliance {unknown}
Books
 b - a book of Spatial Translocations

   Spells                             Type                      Level
   a - Blink                          Translocation                2
   b - Shroud of Golubria             Charms/Translocation         2
   c - Lesser Beckoning               Translocation                3
   d - Gell's Gravitas                Translocation                3
   e - Teleport Other                 Translocation                3
   f - Passage of Golubria            Translocation                4
Comestibles
 f - 2 meat rations
 l - 3 chunks of flesh


   Skills:
 - Level 2.1 Fighting
 - Level 0.8 Throwing
 - Level 0.8 Armour
 - Level 1.7 Dodging
 + Level 7.1 Unarmed Combat
 - Level 1.7 Spellcasting
   Level 2.6 Translocations


You had 8 spell levels left.
You didn't know any spells.

Dungeon Overview and Level Annotations

Branches:
Dungeon (4/15)
 Temple: D:4-7

Altars:

Shops:
D:4 (

Annotations:
D:3 derval's ghost, amateur MfSk


Innate Abilities, Weirdness & Mutations

Your body is rotting away.
You thrive on raw meat.
You are immune to poison.
You have sharp fingernails.
You are carnivorous and can eat meat at any time.
Your flesh is cold resistant. (rC+)
You are immune to negative energy. (rN+++)
You do not regenerate when monsters are visible.
You are immune to unholy pain and torment.
You can survive without breathing.


Message History

You destroy the centaur skeleton!
Your Unarmed Combat skill increases to level 7!
Things that are here:
a short sword; an orc corpse You butcher the orc corpse.
l - 3 chunks of flesh (gained 1)
Things that are here:
a short sword; an orc skeleton
Found Guxeulo's Antique Weapon Boutique.
An orc comes into view. It is wielding a club.
The orc shouts!
An orc priest comes into view. It is wielding a club.
An orc comes into view. It is wielding a mace.
The orc shouts!
The orc priest shouts!
The orc priest invokes the aid of Beogh against you.
Beogh smites you!
You see here a flail.
The orc priest mumbles some strange prayers to Beogh against you.
Beogh smites you!
You die...

..#........#
#......oo..##
..∩........ ...
#........# ..#
#....o...#
..##........# ..#
#......# ##
#.###..)# #..##
#.##..@##
.....##..)...#
............#####
................#
................#
................#
................#
.#...##.......<.#
#### #.....÷...#


You could see an orc priest and 2 orcs.

Vanquished Creatures
  A howler monkey (D:4)
  An orc priest (D:3)
  2 orc wizards (D:3)
  A bullfrog skeleton (D:3)
  A centaur skeleton (D:4)
  Jessica (D:2)
  An iguana (D:4)
  2 adders
  An ooze (D:3)
  A worm (D:2)
  6 orcs
  3 giant cockroaches
  3 hobgoblins
  4 jackals (D:3)
  3 kobolds
  A ball python (D:2)
  3 bats
  5 frilled lizards
  2 goblins
  6 rats
48 creatures vanquished.

Notes
Turn   | Place    | Note
-------+----------+-------------------------------------------
     0 | D:1      | asdu the Ghoul Warper began the quest for the Orb.
     0 | D:1      | Reached XP level 1. HP: 17/17 MP: 2/2
   164 | D:2      | Reached skill level 3 in Unarmed Combat
   164 | D:2      | Reached XP level 2. HP: 19/24 MP: 3/3
   230 | D:4      | Noticed a howler monkey
   240 | D:4      | Killed a howler monkey
   240 | D:4      | Reached skill level 4 in Unarmed Combat
   240 | D:4      | Reached XP level 3. HP: 28/29 MP: 4/4
   396 | D:3      | Reached skill level 5 in Unarmed Combat
   396 | D:3      | Reached XP level 4. HP: 17/36 MP: 5/5
   457 | D:3      | Reached XP level 5. HP: 16/41 MP: 6/6
   498 | D:2      | Noticed Jessica
   502 | D:2      | Killed Jessica
   502 | D:2      | Reached skill level 6 in Unarmed Combat
   564 | D:3      | Noticed derval's ghost (amateur MfSk)
   748 | D:2      | Reached XP level 6. HP: 35/47 MP: 7/7
   991 | D:4      | Reached skill level 7 in Unarmed Combat
   997 | D:4      | Found Guxeulo's Antique Weapon Boutique.
  1000 | D:4      | Killed from afar by an orc priest

Vault maps used:
D:1:      onia_arrival_mini_spirals
D:2:      first_bread, serial_park_tiny_pond, feat_on_display, uniq_robin,
          uniq_jessica
D:3:      serial_glass, glass_columns_b, glass_columns_a, due_unseen_surprise,
          feat_on_display, minmay_strange_pillars, minmay_strange_pillars,
          minivault_26
D:4:      serial_shops, shop, kennysheep_boxes

Skill      XL: |  1  2  3  4  5  6 |
---------------+-------------------+-----
Unarmed Combat | 3 4 5 6 7 |  7.1
Fighting       | |  2.1
Throwing       | |  0.8
Armour         | |  0.8
Dodging        | |  1.7
Spellcasting   | |  1.7
Translocations | |  2.6

Action                   |  1- 3 |  4- 6 || total
-------------------------+-------+-------++-------
Melee: Unarmed           |    62 |    97 ||   159
       Punch             |       |     2 ||     2
  Eat: Chunk             |     6 |    14 ||    20
Armor: Leather armour    |    11 |    19 ||    30
Dodge: Dodged            |    34 |    50 ||    84
